 Dungeon Crawl Stone Soup version 0.24.1-14-gf8d2b509d9 (console) character file.

Game seed: 9860405845733706991, levelgen mode: deterministic

179 Kagalorn the Cudgeler (level 5, 0/43 HPs)
             Began as a Gnoll Wanderer on Mar 2, 2021.
             Was an Initiate of Okawaru.
             Slain by a shadow imp (2 damage)
             ... summoned by Eustachio
             ... on level 5 of the Dungeon.
             The game lasted 00:05:27 (1996 turns).

Kagalorn the Cudgeler (Gnoll Wanderer)              Turns: 1996, Time: 00:05:27

Health: 0/43       AC: 10    Str: 19    XL:     5   Next: 59%
Magic:  7/7        EV:  9    Int: 19    God:    Okawaru [......]
Gold:   207        SH:  0    Dex: 11    Spells: 7/7 levels left

rFire    . . .     SeeInvis .   a - +0 mace
rCold    . . .     Gourm    .   (no shield)
rNeg     . . .     Faith    .   B - +0 chain mail
rPois    .         Spirit   .   g - +0 helmet
rElec    .         Reflect  .   m - +0 cloak
rCorr    .         Harm     .   (no gloves)
MR       .....                  (no boots)
Stlth    ..........             (no amulet)
HPRegen  0.14/turn              (no ring)
MPRegen  0.10/turn              (no ring)

@: brilliant, flying
A: distributed training, fangs 1, strong nose
a: Renounce Religion


You were on level 5 of the Dungeon.
You worshipped Okawaru.
Okawaru was noncommittal.
You were not hungry.

You visited 1 branch of the dungeon, and saw 4 of its levels.

You collected 207 gold pieces.

Inventory:

Hand Weapons
 a - a +0 mace (weapon)
 b - a +2 dagger
 v - a +0 hunting sling
Missiles
 d - a curare-tipped dart (quivered)
 i - 101 stones
 p - 15 bolts
 s - 7 boomerangs
Armour
 g - a +0 helmet (worn)
 m - a +0 cloak (worn)
 B - a +0 chain mail (worn)
Magical Staves
 y - an uncursed staff of conjuration {unknown}
Wands
 x - a wand of flame (20)
Scrolls
 c - a scroll of teleportation {unknown}
 j - a scroll of identify {unknown}
 k - a scroll of blinking {unknown}
 l - 2 scrolls of immolation {unknown}
 r - 3 scrolls of remove curse {unknown}
 t - a scroll of random uselessness {unknown}
Potions
 h - a potion of might {unknown}
 n - a potion of agility {unknown}
 o - a potion of magic {unknown}
 q - a potion of lignification {unknown}
 u - a potion of berserk rage {unknown}
 z - a potion of cancellation {unknown}
 A - a potion of brilliance
Comestibles
 f - 5 rations
 C - a chunk of flesh


   Skills:
 + Level 4.8 Fighting
 + Level 1.5 Short Blades
 + Level 1.5 Long Blades
 + Level 1.5 Axes
 + Level 6.7 Maces & Flails
 + Level 1.5 Polearms
 + Level 1.5 Staves
 + Level 1.5 Slings
 + Level 1.5 Bows
 + Level 1.5 Crossbows
 + Level 4.8 Throwing
 + Level 1.5 Armour
 + Level 4.8 Dodging
 + Level 2.8 Stealth
 + Level 1.5 Shields
 + Level 1.5 Unarmed Combat
 + Level 1.5 Spellcasting
 + Level 1.2 Conjurations
 + Level 1.2 Hexes
 + Level 1.2 Charms
 + Level 1.2 Summonings
 + Level 1.2 Necromancy
 + Level 1.2 Translocations
 + Level 1.2 Transmutations
 + Level 1.2 Fire Magic
 + Level 1.2 Ice Magic
 + Level 1.2 Air Magic
 + Level 1.2 Earth Magic
 + Level 1.2 Poison Magic
 + Level 1.7 Invocations
 + Level 1.5 Evocations


You had 7 spell levels left.
You didn't know any spells.
Your spell library was empty.

Dungeon Overview and Level Annotations

Branches:
Dungeon (3/15)

Altars:
Okawaru

Annotations:
D:5 Eustachio


Innate Abilities, Weirdness & Mutations

Your experience applies equally to all skills.
You have very sharp teeth.
Your uncanny sense of smell can sniff out nearby items.


Message History

You bite the shadow imp.
The shadow imp is heavily wounded.
The iron imp hits you!
* * * LOW HITPOINT WARNING * * *
The river rat bites you.
* * * LOW HITPOINT WARNING * * *
The rat bites you.
* * * LOW HITPOINT WARNING * * *
The shadow imp hits you but does no damage.
Okay, then.
It was a potion of brilliance.
You feel clever all of a sudden. The river rat closely misses you.
The rat barely misses you. The iron imp barely misses you.
The shadow imp hits you but does no damage.
It was a potion of flight.
You feel very buoyant.
You fly up into the air.
The river rat barely misses you. The rat bites you but does no damage.
The shadow imp hits you.
You die...

..# ..#
#.. #
#.# #.
#.# ..
#.# #h
#.## ∆
#5###..#
#rr@5.##
##r5###
#### ∆


You could see a hound, an iron imp, a river rat, a shadow imp, an ufetubus, a
quokka and a rat.

Vanquished Creatures
  Crazy Yiuf (D:2)
  Jessica (D:2)
  Robin (D:2)
  An adder (D:2)
  An ooze (D:1)
  3 dart slugs
  3 leopard geckos
  3 giant cockroaches
  7 hobgoblins
  11 jackals
  A ball python (D:2)
  12 bats
  5 frilled lizards
  20 goblins
  5 kobolds
  7 rats
82 creatures vanquished.

Notes
Turn   | Place    | Note
-------+----------+-------------------------------------------
     0 | D:1      | Kagalorn the Gnoll Wanderer began the quest for the Orb.
     0 | D:1      | Kagalorn set off with the following items: a +2 dagger, 4
                  | curare-tipped darts, a +0 falchion, a +0 mace, a +0 robe, a
                  | ration
     0 | D:1      | Reached XP level 1. HP: 20/20 MP: 1/1
   138 | D:1      | Reached XP level 2. HP: 26/26 MP: 2/2
   425 | D:1      | Reached XP level 3. HP: 31/31 MP: 3/3
   773 | D:2      | Reached skill level 1 in Invocations
   874 | D:2      | Noticed Robin
   894 | D:2      | Killed Robin
   894 | D:2      | Reached skill level 1 in Short Blades
   894 | D:2      | Reached skill level 1 in Long Blades
   894 | D:2      | Reached skill level 1 in Axes
   894 | D:2      | Reached skill level 1 in Polearms
   894 | D:2      | Reached skill level 1 in Staves
   894 | D:2      | Reached skill level 1 in Slings
   894 | D:2      | Reached skill level 1 in Bows
   894 | D:2      | Reached skill level 1 in Crossbows
   894 | D:2      | Reached skill level 1 in Armour
   894 | D:2      | Reached skill level 1 in Shields
   894 | D:2      | Reached skill level 1 in Unarmed Combat
   894 | D:2      | Reached skill level 1 in Spellcasting
   894 | D:2      | Reached skill level 1 in Evocations
   894 | D:2      | Reached XP level 4. HP: 35/38 MP: 5/5
   993 | D:2      | Reached skill level 1 in Conjurations
   993 | D:2      | Reached skill level 1 in Hexes
   993 | D:2      | Reached skill level 1 in Charms
   993 | D:2      | Reached skill level 1 in Summonings
   993 | D:2      | Reached skill level 1 in Necromancy
   993 | D:2      | Reached skill level 1 in Translocations
   993 | D:2      | Reached skill level 1 in Transmutations
   993 | D:2      | Reached skill level 1 in Fire Magic
   993 | D:2      | Reached skill level 1 in Ice Magic
   993 | D:2      | Reached skill level 1 in Air Magic
   993 | D:2      | Reached skill level 1 in Earth Magic
   993 | D:2      | Reached skill level 1 in Poison Magic
  1023 | D:2      | Found a runed translucent door.
  1024 | D:2      | Noticed Crazy Yiuf
  1037 | D:2      | Killed Crazy Yiuf
  1037 | D:2      | Reached XP level 5. HP: 18/43 MP: 6/6
  1165 | D:2      | Noticed Jessica
  1169 | D:2      | Killed Jessica
  1821 | D:3      | Found an iron altar of Okawaru.
  1851 | D:3      | Became a worshipper of Warmaster Okawaru
  1972 | D:3      | You fall into a shaft and drop 2 floors!
  1972 | D:5      | Entered Level 5 of the Dungeon
  1972 | D:5      | Noticed Eustachio
  1994 | D:5      | HP: 2/43 [rat[Eustachio] (1)]
  1996 | D:5      | Slain by a shadow imp

Levels and vault maps discovered:
D:1:      minmay_arrival_jagged, layout_loops_ring
D:2:      minmay_wonky_spiral, layout_basic, uniq_crazy_yiuf_cottage,
          uniq_jessica, uniq_robin
D:3:      layout_loops_ring, tgw_trog, lemuel_doored_altar, okawaru_gym_becter
D:5:      layout_layer_cave, grunt_temple_overflow_champion_of_chaos,
          basic_altar, first_ration, sigmund_edmund_badplayer, uniq_eustachio

Skill      XL: |  1  2  3  4 |
---------------+-------------+-----
Invocations    | 1 |  1.7
Short Blades   | 1 |  1.5
Long Blades    | 1 |  1.5
Axes           | 1 |  1.5
Polearms       | 1 |  1.5
Staves         | 1 |  1.5
Slings         | 1 |  1.5
Bows           | 1 |  1.5
Crossbows      | 1 |  1.5
Armour         | 1 |  1.5
Shields        | 1 |  1.5
Unarmed Combat | 1 |  1.5
Spellcasting   | 1 |  1.5
Evocations     | 1 |  1.5
Conjurations   | 1 |  1.2
Hexes          | 1 |  1.2
Charms         | 1 |  1.2
Summonings     | 1 |  1.2
Necromancy     | 1 |  1.2
Translocations | 1 |  1.2
Transmutations | 1 |  1.2
Fire Magic     | 1 |  1.2
Ice Magic      | 1 |  1.2
Air Magic      | 1 |  1.2
Earth Magic    | 1 |  1.2
Poison Magic   | 1 |  1.2
Fighting       | |  4.8
Maces & Flails | |  6.7
Throwing       | |  4.8
Dodging        | |  4.8
Stealth        | |  2.8

Action                   |  1- 3 |  4- 6 || total
-------------------------+-------+-------++-------
Melee: Mace              |   115 |   136 ||   251
       Bite              |     9 |    18 ||    27
Throw: Dart              |       |     3 ||     3
  Use: Potion            |       |     3 ||     3
 Stab: Sleeping          |     1 |       ||     1
  Eat: Chunk             |       |     4 ||     4
Armor: Ring mail         |    37 |    16 ||    53
       Chain mail        |       |    69 ||    69
Dodge: Dodged            |    84 |    85 ||   169
